 Dungeon Sprint DCSS version 0.30-a0-54-g2e61a25929 (webtiles) character file.

Game seed: 8759848103908171147

14139 Ankalagon the Black Belt (level 11, -15/112 HPs)
             Began as a Red Draconian Monk on Sept 8, 2022.
             Was an Initiate of Gozag.
             Killed from afar by a crystal guardian (55 damage)
             ... with a crystal bolt
             ... in the Dungeon (Sprint II: "The Violet Keep of Menkaure").
             The game lasted 00:22:20 (3477 turns).

Ankalagon the Black Belt (Red Draconian Monk)       Turns: 3477, Time: 00:22:21

Health: -15/112    AC: 14    Str: 21    XL:     11   Next: 84%
Magic:  21/21      EV: 20    Int: 10    God:    Gozag
Gold:   983        SH:  5    Dex: 17    Spells: 16/23 levels left

rFire   + . .      SeeInvis .      - Unarmed
rCold   . . .      Faith    .    (no shield)
rNeg    . . .      Spirit   .    (body armour unavailable)
rPois   +          Reflect  +    D - +2 hat {Will+}
rElec   +          Harm     .    o - +1 cloak
rCorr   .          Rampage  .    i - +2 pair of gloves {Stlth+}
Will    ++...      NoTele   +    (no boots)
Stlth   ++........               C - amulet of reflection
HPRegen 0.28/turn                z - ring "Zeamom" {rElec rPois Str+6 Stlth-}
MPRegen 0.17/turn                A - ring of flight

@: flying
A: breathe fire, AC +7, unfitting armour, fire resistance 1, cold-blooded,
strong-willed 1, wild magic 1, evolution 1
a: Breathe Fire, Renounce Religion, Potion Petition, Call Merchant, Bribe Branch


You were in the Dungeon.
You worshipped Gozag.
Gozag was pleased with you.
You visited 1 branch You collected 6416 gold pieces.
You spent 5433 gold pieces at shops.

Inventory:

Armour
 f - the +0 buckler "Roiduf" {rF+++ rN++ Dex-2}
   (You bought it in a shop in the Dungeon)

   Dex:       It affects your dexterity (-2).
   rF:        It renders you almost immune to fire.
   rN:        It greatly protects you from negative energy.
 h - the +1 pair of gloves of Ticwilac {Harm Int+4 Dex+2}
   (You bought it in a shop in the Dungeon)

   Int:       It affects your intelligence (+4).
   Dex:       It affects your dexterity (+2).
   Harm:      It increases damage dealt and taken.
 i - a +2 pair of gloves of stealth (worn)
 o - a +1 cloak (worn)
 D - a +2 hat of willpower (worn)
Jewellery
 k - the amulet of Suspicion {RegenMP rPois}
   (You found it in the Dungeon)

   [amulet of magic regeneration]

   It increases your rate of magic regeneration.
   rPois:     It protects you from poison.
 z - the ring "Zeamom" (left hand) {rElec rPois Str+6 Stlth-}
   (You bought it in a shop in the Dungeon)

   [ring of poison resistance]

   Str:       It affects your strength (+6).
   rElec:     It insulates you from electricity.
   rPois:     It protects you from poison.
   Stlth:     It makes you less stealthy.
 A - a ring of flight (right hand)
 B - a +4 ring of evasion
 C - an amulet of reflection (around neck)
Wands
 w - a wand of polymorph (10)
 x - a wand of iceblast (6)
Scrolls
 c - a scroll of vulnerability
 g - 3 scrolls of blinking
 m - 2 scrolls of fear
 p - a scroll of summoning
 q - a scroll of acquirement
 r - a scroll of immolation
 t - a scroll of identify
 v - 2 scrolls of amnesia
 y - a scroll of poison
Potions
 a - a potion of ambrosia
 b - 11 potions of curing
 d - a potion of haste
 e - 5 potions of magic
 j - 2 potions of invisibility
 l - 5 potions of flight
 n - 2 potions of lignification
 s - a potion of brilliance
 u - 3 potions of resistance {unknown}
 E - a potion of berserk rage
 F - a potion of might
 G - 3 potions of mutation
 H - a potion of cancellation
 I - 3 potions of heal wounds


   Skills:
 - Level 15.1 Fighting
 - Level 12.8 Dodging
 - Level 1.7 Stealth
 - Level 16.6 Unarmed Combat
 + Level 6.7 Spellcasting
 - Level 15.5 Transmutations


You had 16 spell levels left.
You knew the following spells:

 Your Spells              Type           Power      Damage    Failure   Level
d - Dragon Form           Tmut           22%        N/A       34%         7

Your spell library contained the following spells:

 Spells                   Type           Power      Damage    Failure   Level
 Statue Form              Tmut/Erth      16%        N/A       83%         6
 Cause Fear               Hex            2%         N/A       92%         4
 Leda's Liquefaction      Hex/Erth       2%         N/A       92%         4
 Lee's Rapid Deconstruct  Erth           2%         3d5*      99%         5
 Dragon's Call            Summ           2%         N/A       100%        9


Dungeon Overview and Level Annotations

Branches:
Dungeon (1/1)

Altars:
Cheibriados
Dithmenos
Elyvilon
Fedhas
Gozag
Hepliaklqana
Kikubaaqudgha
Makhleb
Nemelex Xobeh
Okawaru
Qazlal
Ru
Sif Muna
Trog
Uskayaw
Vehumet
Wu Jian
Xom
Yredelemnul
Zin
The Shining One
Jiyva
Lugonu

Shops:
D :[:[*[!!*((*?==?:

Annotations:
D exclusion: orange crystal statue, Lernaean hydra


Innate Abilities, Weirdness & Mutations

You can breathe blasts of fire.
Your fiery red scales are hard. (AC +7)
You cannot fit into any form of body armour.
Your flesh is heat resistant. (rF+)
You are cold-blooded and may be slowed by cold attacks.
You are strong-willed. (Will+)
Your spells are a little harder to cast, but a little more powerful.
You have hidden genetic potential.


Message History

You hit the crystal guardian but do no damage.
The crystal guardian is moderately damaged.
You pummel the crystal guardian!!
The crystal guardian is heavily damaged.
The crystal guardian fires a crystalline bolt at you.
The crystal bolt burns you! You resist.
You punch the crystal guardian!
The crystal guardian is almost destroyed.
The crystal guardian fires a crystalline bolt at you.
The crystal bolt misses you.
You hit the crystal guardian.
You punch the crystal guardian, but do no damage.
The crystal guardian is almost destroyed.
You hit the crystal guardian.
The crystal guardian is almost destroyed.
The crystal guardian hits you!
You hit the crystal guardian but do no damage.
The crystal guardian is almost destroyed.
The crystal guardian fires a crystalline bolt at you.
The crystal bolt misses you.
You hit the crystal guardian.
You tail-slap the crystal guardian, but do no damage.
The crystal guardian is almost destroyed.
The crystal guardian fires a crystalline bolt at you.
The crystal bolt burns you! You resist.
You hit the crystal guardian but do no damage.
The crystal guardian is almost destroyed.
You hit the crystal guardian.
The crystal guardian is almost destroyed.
The crystal guardian fires a crystalline bolt at you.
The crystal bolt misses you. The crystal bolt burns you! You resist.
The crystal bolt burns the crystal guardian.
The crystal guardian completely resists.
You hit the crystal guardian but do no damage.
You punch the crystal guardian, but do no damage.
The crystal guardian is almost destroyed.
The crystal guardian fires a crystalline bolt at you.
The crystal bolt misses you. The crystal bolt freezes you!!!
You die...
Your body crumbles into a pile of gold.

≈≈~~**~,,,***,#.°○▓▓▓▓▓▓▓▓▓▓*****
§~~**,~,,,^,**#°°.▓≈≈§≈§§§≈▓▓*,,,
+++##***,,,,*,*#=°▓▓▓▓▓▓▓▓▓▓▓*+**
....#$,+,,..*,.#["▓[)...)..▓▓,,,*
##..#$,***#.*,k#")▓...)[([.▓▓,⌠$*
.##.####,$+.##.#:|▓)[).).[.▓▓,,,*
#)#....#$,*^.k####▓.)......▓▓,,,*
.####..##**#..##.#▓....).).▓▓,,,*
###.##..#,$+..#.@#▓........▓▓,,,*
##...#..#,,#..#.9#▓([..[(..▓▓,⌠,*
.'###'..####..##.#▓..([..[.▓▓$$,*
##...#....###...##▓▓▓▓▓▓▓'▓▓▓▓+▓*
###.##......~~~~~~~~~~~~~...≈≈≈▓,
.####~~.....~#'########§###.≈≈≈▓,
#.#~~~~~~~..~#._._._..#~§~##≈≈≈▓,
.##~~~~~§~~§~#.._._._.#~§§§####▓*
##~~~≈≈§~~~~~#._._._._#~§§§§##$$*


You could see a crystal guardian.

Vanquished Creatures
  Nikola (D)
  Gastronok (D)
  Roxanne (D)
  2 boulder beetles (D)
  An iron elemental (D)
  3 sixfirhies (D)
  A death drake (D)
  An oklob plant (D)
  2 toenail golems (D)
  A yaktaur (D)
  3 polar bears (D)
  A hornet (D)
  A blink frog (D)
  2 wyverns (D)
  12 flying skulls (D)
  2 yaks (D)
  2 redbacks (D)
  4 neqoxecs (D)
  Menkaure (D)
  4 water moccasins (D)
  4 scorpions (D)
  9 electric eels (D)
  A jelly (D)
60 creatures vanquished.

Vanquished Creatures (others)
  A yak (D)
  A water moccasin (D)
  16 tentacles (D)
18 creatures vanquished.

Grand Total: 78 creatures vanquished

Notes
Turn   | Place    | Note
-------+----------+-------------------------------------------
     0 | D        | Ankalagon the Draconian Monk began the quest for the Orb.
     0 | D        | Reached XP level 1. HP: 19/19 MP: 1/1
     1 | D        | Noticed a neqoxec
     1 | D        | Noticed a neqoxec
     1 | D        | Noticed a neqoxec
     1 | D        | Noticed a neqoxec
     6 | D        | Gained mutation: You occasionally lose the ability to drink
                  | potions when taking damage. [a neqoxec]
     8 | D        | Killed a neqoxec
     9 | D        | Reached skill level 10 in Unarmed Combat
     9 | D        | Reached XP level 2. HP: 25/26 MP: 2/2
     9 | D        | Reached XP level 3. HP: 30/31 MP: 3/3
     9 | D        | Reached XP level 4. HP: 37/38 MP: 4/4
    15 | D        | Gained mutation: You are agile. (Dex +4, Str/Int -1) [a
                  | neqoxec]
    24 | D        | Killed a neqoxec
    25 | D        | Reached skill level 5 in Fighting
    25 | D        | Reached skill level 11 in Unarmed Combat
    25 | D        | Reached XP level 5. HP: 29/50 MP: 5/5
    29 | D        | Killed a neqoxec
    30 | D        | Reached XP level 6. HP: 10/60 MP: 6/6
    32 | D        | Lost mutation: You are agile. (Dex +4, Str/Int -1) [a
                  | neqoxec]
    33 | D        | Gained mutation: You are clumsy. (Dex -2) [a neqoxec]
    34 | D        | Gained mutation: You are dopey. (Int -2) [a neqoxec]
    41 | D        | Killed a neqoxec
    42 | D        | Reached skill level 12 in Unarmed Combat
   232 | D        | Noticed a boulder beetle
   232 | D        | Noticed a boulder beetle
   235 | D        | Noticed a wyvern
   235 | D        | Noticed a wyvern
   243 | D        | Noticed an orange crystal statue
   245 | D        | Noticed a water moccasin
   253 | D        | Found a glowing silver altar of Zin.
   255 | D        | Found a glowing golden altar of the Shining One.
   255 | D        | Found a basalt altar of Yredelemnul.
   255 | D        | Found a hide-covered altar of Uskayaw.
   255 | D        | Found a radiant altar of Vehumet.
   256 | D        | Found a shimmering altar of Xom.
   256 | D        | Found a bloodstained altar of Trog.
   256 | D        | Found a burning altar of Makhleb.
   256 | D        | Found a sparkling altar of Nemelex Xobeh.
   257 | D        | Found an ornate altar of the Wu Jian Council.
   257 | D        | Found a shimmering blue altar of Sif Muna.
   257 | D        | Found a corrupted altar of Lugonu.
   257 | D        | Found a blossoming altar of Fedhas.
   258 | D        | Found a sacrificial altar of Ru.
   258 | D        | Found an ancient bone altar of Kikubaaqudgha.
   258 | D        | Found a white marble altar of Elyvilon.
   259 | D        | Found a stormy altar of Qazlal.
   259 | D        | Found a viscous altar of Jiyva.
   259 | D        | Found a shadowy altar of Dithmenos.
   259 | D        | Noticed Menkaure
   260 | D        | Found a hazy altar of Hepliaklqana.
   260 | D        | Found a snail-covered altar of Cheibriados.
   263 | D        | Killed Menkaure
   264 | D        | Your scales start taking on a fiery red colour.
   264 | D        | Reached XP level 7. HP: 34/69 MP: 7/7
   264 | D        | Gained mutation: Your flesh is heat resistant. (rF+) [Red
                  | Draconian growth]
   268 | D        | Found an opulent altar of Gozag.
   268 | D        | Found an iron altar of Okawaru.
   276 | D        | Became a worshipper of Gozag Ym Sagoz the Greedy
   665 | D        | Killed a wyvern
   666 | D        | Reached skill level 10 in Fighting
   666 | D        | Reached skill level 13 in Unarmed Combat
   666 | D        | Reached XP level 8. HP: 63/79 MP: 8/8
   687 | D        | Noticed a flying skull
   687 | D        | Noticed a flying skull
   687 | D        | Noticed a flying skull
   687 | D        | Noticed a flying skull
   688 | D        | Noticed a flying skull
   688 | D        | Noticed a flying skull
   688 | D        | Noticed a flying skull
   688 | D        | Noticed a flying skull
   688 | D        | Noticed a flying skull
   688 | D        | Noticed a flying skull
   689 | D        | Noticed a flying skull
   689 | D        | Noticed a flying skull
   690 | D        | Found Jid Lede's Jewellery Shop.
   691 | D        | Found Ecuwadil's Jewellery Boutique.
   692 | D        | Found Icsis's General Store.
   692 | D        | Found Anefaus's Distillery.
   693 | D        | Found Xihuf's Antique Weapon Shop.
   693 | D        | Found Dishrugge's General Store.
   694 | D        | Noticed a blink frog
   698 | D        | Killed a blink frog
   730 | D        | Found Xebb's Assorted Antiques.
   730 | D        | Found Qaonaw's Antique Armour Shop.
   731 | D        | Found Recwib's Antique Armour Shop.
   731 | D        | Found Ureosmol's Distillery.
   732 | D        | Found Eboet's Weapon Shop.
   732 | D        | Found Vosiuffy's Book Boutique.
   733 | D        | Found Ruth's Magic Scroll Shop.
   733 | D        | Found Icoma's Distillery.
   737 | D        | Noticed an iron elemental
   737 | D        | Noticed an oklob plant
   738 | D        | Found Qutoa's Book Shoppe.
   747 | D        | Bought a scorched buckler for 237 gold pieces
   747 | D        | Identified the +0 buckler "Roiduf" {rF+++ rN++ Dex-2} (You
                  | bought it in a shop in the Dungeon)
   747 | D        | Bought a pair of encrusted gloves for 237 gold pieces
   747 | D        | Identified the +1 pair of gloves of Ticwilac {Harm Int+4
                  | Dex+2} (You bought it in a shop in the Dungeon)
   747 | D        | Bought a pair of runed gloves for 187 gold pieces
   752 | D        | Bought a potion of degeneration for 12 gold pieces
   768 | D        | Bought a potion of heal wounds for 60 gold pieces
   768 | D        | Bought a potion of invisibility for 96 gold pieces
   768 | D        | Bought a potion of flight for 36 gold pieces
   768 | D        | Bought a potion of mutation for 96 gold pieces
   768 | D        | Bought a potion of lignification for 36 gold pieces
   771 | D        | Bought a +0 cloak for 45 gold pieces
   824 | D        | Noticed a polar bear
   824 | D        | Noticed a polar bear
   828 | D        | Noticed a hornet
   846 | D        | Killed a polar bear
   880 | D        | Noticed a yaktaur
   907 | D        | Killed a yaktaur
   908 | D        | Reached skill level 14 in Unarmed Combat
   926 | D        | Noticed a polar bear
   928 | D        | Killed a hornet
   929 | D        | Reached skill level 10 in Dodging
   929 | D        | Reached XP level 9. HP: 70/90 MP: 9/9
   944 | D        | Killed a polar bear
  1020 | D        | Killed a polar bear
  1094 | D        | Noticed a kraken
  1142 | D        | Reached skill level 15 in Unarmed Combat
  1303 | D        | Bought the ring "Zeamom" {rElec rPois Str+6 Stlth-} for 452
                  | gold pieces
  1305 | D        | Bought a ring of flight for 175 gold pieces
  1305 | D        | Bought a +4 ring of evasion for 360 gold pieces
  1309 | D        | Bought an amulet of reflection for 300 gold pieces
  1353 | D        | Identified the +7 flail of the Telling Gods {venom, Str+4}
  1399 | D        | Noticed a sixfirhy
  1717 | D        | Noticed a sixfirhy
  1719 | D        | Noticed a sixfirhy
  1727 | D        | Found Plog's Book Shoppe.
  1728 | D        | Found Vyxzoyny's Magic Scroll Boutique.
  1743 | D        | Found Javorut's Antique Armour Emporium.
  1769 | D        | Killed a sixfirhy
  1775 | D        | Killed a sixfirhy
  1776 | D        | Reached XP level 10. HP: 73/103 MP: 10/10
  1778 | D        | Killed a sixfirhy
  1779 | D        | Reached skill level 16 in Unarmed Combat
  2037 | D        | Noticed Gastronok
  2045 | D        | Killed Gastronok
  2046 | D        | Reached skill level 15 in Fighting
  2142 | D        | Bought a scroll of magic mapping for 90 gold pieces
  2147 | D        | Bought a book of the Dragon for 552 gold pieces
  2178 | D        | Learned a level 7 spell: Dragon Form
  2252 | D        | Reached skill level 5 in Transmutations
  2432 | D        | Bought a scroll of identify for 22 gold pieces
  2432 | D        | Bought a scroll of amnesia for 44 gold pieces
  2444 | D        | Bought a scroll of acquirement for 676 gold pieces
  2448 | D        | Bought a scroll of identify for 26 gold pieces
  2448 | D        | Bought a scroll of identify for 26 gold pieces
  2454 | D        | Bought a scroll of identify for 20 gold pieces
  2473 | D        | Bought a scroll of blinking for 97 gold pieces
  2497 | D        | Noticed Roxanne
  2500 | D        | Noticed Nikola
  2506 | D        | Noticed a toenail golem
  2506 | D        | Noticed a toenail golem
  2507 | D        | Noticed the 27-headed Lernaean hydra
  2530 | D        | Killed Roxanne
  2531 | D        | Reached XP level 11. HP: 112/112 MP: 11/11
  2563 | D        | Lost mutation: You are dopey. (Int -2) [potion of mutation]
  2563 | D        | Lost mutation: You are clumsy. (Dex -2) [potion of
                  | mutation]
  2563 | D        | Gained mutation: You have a pair of small horns on your
                  | head. [potion of mutation]
  2563 | D        | Gained mutation: You are frail. (-10% HP) [potion of
                  | mutation]
  2606 | D        | Killed an iron elemental
  2610 | D        | Identified the amulet of Suspicion {RegenMP rPois}
  2618 | D        | Killed an oklob plant
  2641 | D        | Lost mutation: You are frail. (-10% HP) [potion of
                  | mutation]
  2641 | D        | Lost mutation: You have a pair of small horns on your head.
                  | [potion of mutation]
  2641 | D        | Lost mutation: You occasionally lose the ability to drink
                  | potions when taking damage. [potion of mutation]
  2641 | D        | Gained mutation: Your spells are a little harder to cast,
                  | but a little more powerful. [potion of mutation]
  2641 | D        | Gained mutation: You have hidden genetic potential. [potion
                  | of mutation]
  2641 | D        | Gained mutation: You are strong-willed. (Will+) [potion of
                  | mutation]
  2870 | D        | Killed Nikola
  3112 | D        | Reached skill level 15 in Transmutations
  3192 | D        | Killed a boulder beetle
  3202 | D        | Killed a boulder beetle
  3203 | D        | Reached skill level 5 in Spellcasting
  3258 | D        | Bought a potion of invisibility for 88 gold pieces
  3260 | D        | Bought a potion of curing for 36 gold pieces
  3260 | D        | Bought a potion of curing for 36 gold pieces
  3260 | D        | Bought a potion of curing for 36 gold pieces
  3260 | D        | Bought a potion of curing for 36 gold pieces
  3261 | D        | Bought a scroll of fear for 40 gold pieces
  3262 | D        | Bought a scroll of identify for 52 gold pieces
  3262 | D        | Bought a jewelled brass wand for 104 gold pieces
  3262 | D        | Bought a blackened brass wand for 104 gold pieces
  3265 | D        | Bought a potion of curing for 39 gold pieces
  3265 | D        | Bought a potion of berserk rage for 65 gold pieces
  3265 | D        | Bought a potion of curing for 39 gold pieces
  3265 | D        | Bought a potion of might for 52 gold pieces
  3265 | D        | Bought a potion of mutation for 104 gold pieces
  3265 | D        | Bought a potion of cancellation for 104 gold pieces
  3265 | D        | Bought a potion of mutation for 104 gold pieces
  3267 | D        | Bought a scroll of fear for 52 gold pieces
  3267 | D        | Bought a scroll of poison for 52 gold pieces
  3269 | D        | Bought a potion of invisibility for 96 gold pieces
  3269 | D        | Bought a potion of heal wounds for 60 gold pieces
  3269 | D        | Bought a potion of heal wounds for 60 gold pieces
  3269 | D        | Bought a potion of lignification for 36 gold pieces
  3269 | D        | Bought a potion of heal wounds for 60 gold pieces
  3269 | D        | Bought a potion of mutation for 96 gold pieces
  3299 | D        | Noticed a death drake
  3300 | D        | Noticed a death drake
  3319 | D        | Killed a death drake
  3452 | D        | Noticed a crystal guardian
  3477 | D        | Killed from afar by a crystal guardian

Illustrated notes

Levels and vault maps discovered:
D:        the_violet_keep_of_menkaure [sprint2_stairs_cluster_1,
          sprint2_shoproom, sprint2_temple, sprint2_basic_supplies,
          sprint2_obstacle_1, sprint2_obstacle_7, sprint2_obstacle_4,
          sprint2_obstacle_6, sprint2_obstacle_5, sprint2_timed_cluster_1,
          sprint2_smallroom_cluster_1, sprint2_smallroom_final_cluster_1,
          sprint2_transparent_cluster_1, sprint2_second_timed_cluster_1,
          sprint2_sniper_area_1, sprint2_heavy_combat_area_1,
          sprint2_mutation_trap_area_1, sprint2_forest_area_1,
          sprint2_light_combat_area_1, sprint2_behind_water_1,
          sprint2_near_end_vault_1]

Skill      XL: |  1  2  3  4  5  6  7  8  9 10 11 |
---------------+----------------------------------+-----
Unarmed Combat | 10 11 12 13 14 15 16 | 16.6
Fighting       | 5 7 8 10 11 14 15 | 15.1
Dodging        | 4 6 7 8 10 12 | 12.8
Transmutations | 11 15 | 15.5
Spellcasting   | 6 |  6.7
Stealth        | |  1.7

Action                   |  1- 3 |  4- 6 |  7- 9 | 10-12 || total
-------------------------+-------+-------+-------+-------++-------
Melee: Unarmed           |     5 |    33 |    80 |   188 ||   306
       Punch             |       |     2 |     9 |    29 ||    40
       Tailslap          |       |       |    10 |    44 ||    54
       Headbutt          |       |       |       |    13 ||    13
 Abil: Breathe Fire      |       |       |    12 |     4 ||    16
  Use: Potion            |     1 |     1 |       |     6 ||     8
       Scroll            |       |       |       |     9 ||     9
 Stab: Invisible         |       |       |       |    15 ||    15
       Distracted        |       |       |       |     1 ||     1
Armor: Skin              |       |     2 |    21 |    14 ||    37
Dodge: Dodged            |     1 |    10 |    67 |    69 ||   147
Block: Other             |       |       |     2 |    20 ||    22

Table legend: (Time is in decaauts)
 A = Elapsed time spent in this place.
 B = Non-inter-level travel time spent in this place.
 C = Inter-level travel time spent in this place.
 D = Time resting spent in this place.
 E = Time spent auto-exploring this place.
 F = Levels seen in this place.
 G = Mean time per level.
                   A        B        C        D        E       F      G
               +--------+--------+--------+--------+--------+-----+--------+
         Total |   3488 |   3486 |      2 |   2002 |      0 |   1 | 3488.0 |
       Dungeon |   3488 |   3486 |      2 |   2002 |      0 |   1 | 3488.0 |
               +--------+--------+--------+--------+--------+-----+--------+

Top non-repeatable levels by time:
       D: 3488 daAuts
